 Dungeon Crawl Stone Soup version 0.26-a0-30-g56b8cd3df0 (webtiles) character file.

Game seed: 15242370358156555124, levelgen mode: deterministic

4 vurker the Chiller (level 1, 0/13 HPs)
             Began as a Mummy Ice Elementalist on May 31, 2020.
             Slain by a jackal (3 damage)
             ... on level 1 of the Dungeon.
             The game lasted 00:00:29 (85 turns).

vurker the Chiller (Mummy Ice Elementalist)           Turns: 85, Time: 00:00:30

Health: 0/13       AC:  2    Str: 11    XL:     1   Next: 58%
Magic:  0/4        EV: 12    Int: 14    God:
Gold:   0          SH:  0    Dex: 12    Spells: 4/5 levels left

rFire    x . .     SeeInvis .   (no weapon)
rCold    + . .     Gourm    .   (no shield)
rNeg     + + +     Faith    .   a - +0 robe
rPois    ∞         Spirit   .   (no helmet)
rElec    .         Reflect  .   (no cloak)
rCorr    .         Harm     .   (no gloves)
MR       .....                  (no boots)
Stlth    ++........             (no amulet)
HPRegen  0.04/turn              (no ring)
MPRegen  0.09/turn              (no ring)

@: no status effects
A: no food or potions, fire vulnerability, cold resistance 1, negative energy
resistance 3, torment resistance, unbreathing
a: no special abilities


You were on level 1 of the Dungeon.
You were not hungry.

You visited 1 branch of the dungeon, and saw 1 of its levels.

Inventory:

Armour
 a - a +0 robe (worn)


   Skills:
 + Level 0.2 Fighting
 - Level 1.5 Dodging
 - Level 1.5 Stealth
 * Level 2.9 Spellcasting
 * Level 3.3 Ice Magic


You had 4 spell levels left.
You knew the following spells:

 Your Spells              Type           Power        Failure   Level  Hunger
a - Freeze                Ice            ##..         5%          1    N/A

Your spell library contained the following spells:

 Spells                   Type           Power        Failure   Level  Hunger
 Frozen Ramparts          Ice            ##....       16%         3    N/A
 Ozocubu's Armour         Chrm/Ice       #.......     32%         3    N/A
 Hailstorm                Conj/Ice       #.......     71%         4    N/A
 Summon Ice Beast         Ice/Summ       #.......     71%         4    N/A

Dungeon Overview and Level Annotations

Branches:
Dungeon (1/15)

Altars:


Innate Abilities, Weirdness & Mutations

You do not eat or drink.
Your flesh is vulnerable to fire.
You are immune to poison.
Your flesh is cold resistant. (rC+)
You are immune to negative energy. (rN+++)
You are immune to unholy pain and torment.
You can survive without breathing.


Message History

A jackal comes into view.
A jackal is nearby! 3 jackals and a goblin come into view.
The goblin shouts!
The jackal barks!
You hear a bark!
A jackal comes into view. x2
The jackal moves out of view.
The jackal barks!
Found a scroll labeled INKOOR DUVANOSIMN.
A giant cockroach and a goblin come into view.
The goblin shouts!
The jackal barks!
Aim: a jackal You freeze the jackal.
The jackal barks!
The jackal bites you.
Aim: a jackal (heavily wounded)
You freeze the jackal.
You kill the jackal!
Aim: a jackal You freeze the jackal.
The jackal closely misses you.
Aim: a jackal (lightly wounded)
You freeze the jackal.
The jackal bites you but does no damage.
The jackal bites you.
You don't have enough magic to cast that spell.
The jackal closely misses you. The jackal barely misses you.
The jackal closely misses you.
You see here a rat corpse.
The jackal closely misses you.
Aim: a jackal (heavily wounded)
You freeze the jackal.
You kill the jackal!
The jackal barely misses you. The jackal closely misses you.
The jackal bites you. The jackal bites you.
* * * LOW HITPOINT WARNING * * *
You hit the jackal. The jackal bites you.
* * * LOW HITPOINT WARNING * * *
Aim: a jackal (lightly wounded)
You freeze the jackal. The jackal bites you.
* * * LOW HITPOINT WARNING * * *
You barely miss the jackal.
The jackal bites you but does no damage.
The jackal closely misses you.
You hit the jackal but do no damage. The jackal barely misses you.
Unknown command.
You don't have enough magic to cast that spell.
You miss the jackal. The jackal completely misses you. The jackal bites you.
You die...

######### #.......#
#.......# ##.#'#..#
#..#.#..# ####.####
.########.#########
............@hhhhs#
######.#########g#
###'### #.#
##.....## #h#
#.......# #h#
#..###..# ###s###
##..<..## #...g.#
####### ##.....##
#.....g.#


You could see 4 jackals, a giant cockroach and a goblin.

Vanquished Creatures
  A bat (D:1)
  2 jackals (D:1)
  A rat (D:1)
4 creatures vanquished.

Notes
Turn   | Place    | Note
-------+----------+-------------------------------------------
     0 | D:1      | vurker the Mummy Ice Elementalist began the quest for the
                  | Orb.
     0 | D:1      | Reached XP level 1. HP: 13/13 MP: 4/4
    85 | D:1      | Slain by a jackal

Illustrated notes

Levels and vault maps discovered:
D:1:      dpeg_arrival_renting, layout_loops_ring

Action                   || total
-------------------------++-------
Melee: Unarmed           ||     5
 Cast: Freeze            ||     8
Armor: Robe              ||     3
Dodge: Dodged            ||    12

Table legend:
 A = Non-vault XP
 B = Vault XP
 C = Vault XP percentage of total XP
 D = Non-vault monster count
 E = Vault monster count
 F = Vault count percentage of total count
                 A         B        C        D         E       F
            +---------+---------+-------+---------+---------+-------
      Total |       7 |       0 |   0.0 |       4 |       0 |   0.0
            +---------+---------+-------+---------+---------+-------
        D:1 |       7 |       0 |   0.0 |       4 |       0 |   0.0
            +---------+---------+-------+---------+---------+-------
